 Dungeon Crawl Stone Soup version 0.31-a0-1-g4198be8af4 (webtiles) character file.

Game seed: 9554349255887677486

7 BubbleThief the Cudgeller (level 2, 0/28 HPs)
             Began as a Naga Cinder Acolyte on May 1, 2023.
             Was a High Priest of Ignis.
             Slain by a jackal (1 damage)
             ... on level 1 of the Dungeon.
             The game lasted 00:00:43 (80 turns).

BubbleThief the Cudgeller (Naga Cinder Acolyte)       Turns: 80, Time: 00:00:44

Health: 0/28       AC:  1    Str: 16    XL:     2   Next: 4%
Magic:  3/4        EV:  9    Int: 14    God:    Ignis [*****.]
Gold:   6          SH:  0    Dex:  6    Spells: 3/3 levels left

rFire   + . .        a - -1 mace (flame)
rCold   . . .        (no shield)
rNeg    . . .        b - +0 robe
rPois   +            (no helmet)
rElec   .            (no cloak)
rCorr   .            (no gloves)
SInv    +            (no barding)
Will    .....        (no amulet)
Stlth   +            (no ring)
HPRegen 0.24/turn    (no ring)
MPRegen 0.09/turn

%: no passive effects
@: short of breath, very slow
A: AC +0, large, see invisible, deformed body, poison resistance, slowness 2,
spit poison 1, naga tail 1
a: Spit Poison, Renounce Religion, Fiery Armour, Foxfire Swarm, Rising Flame


You were on level 1 of the Dungeon.
You worshipped Ignis.
Ignis was extremely pleased with you.
You visited 1 branch of the dungeon, and saw 1 of its levels.

You collected 6 gold pieces.

Inventory:

Hand Weapons
 a - a -1 mace of flaming (weapon)
Armour
 b - a +0 robe (worn)


   Skills:
 + Level 3.1 Fighting
 + Level 3.1 Maces & Flails
 + Level 1.3 Spellcasting
 - Level 3.0 Fire Magic


You had 3 spell levels left.
You didn't know any spells.
Your spell library contained the following spells:

 Spells                   Type           Power      Damage    Failure   Level
 Scorch                   Fire           18%        2d5       11%         2


Dungeon Overview and Level Annotations

Branches:
Dungeon (1/15)

Altars:


Innate Abilities, Weirdness & Mutations

Your serpentine skin is tough. (AC +0)
You have supernaturally acute eyesight. (SInv)
Armour fits poorly on your strangely shaped body.
Your system is resistant to poisons. (rPois)
You cover ground very slowly.
You can spit poison.
You have a snake-like lower body.


Message History

The jackal is heavily wounded.
The jackal bites you. x2; The jackal closely misses you.
The jackal barely misses you.
Unknown command.
You closely miss the jackal.
The jackal is moderately wounded.
The jackal misses you. The jackal bites you. x3
You closely miss the jackal.
The jackal is moderately wounded.
You have got your breath back.
The jackal completely misses you. The jackal bites you. x3
Aiming: Spit Poison (2% risk of failure)
Press: ? - help, Shift-Dir - straight line, f/p - jackal
Aim: a jackal (moderately wounded, 50% to hit)
You fail to use your ability.
The jackal bites you but does no damage. x2
Unknown command.
Unknown command.
You barely miss the jackal.
The jackal is moderately wounded.
The jackal barely misses you. The jackal bites you.
* * * LOW HITPOINT WARNING * * *
The jackal bites you.
* * * LOW HITPOINT WARNING * * *
The jackal bites you.
* * * LOW HITPOINT WARNING * * *
Aiming: Spit Poison (2% risk of failure)
Press: ? - help, Shift-Dir - straight line, f/p - jackal
Aim: a jackal (50% to hit)
The splash of poison hits the jackal.
The jackal is severely wounded.
The jackal closely misses you. The jackal bites you.
* * * LOW HITPOINT WARNING * * *
Unknown command.
You barely miss the jackal.
The jackal is severely wounded.
The jackal closely misses you. The jackal bites you.
* * * LOW HITPOINT WARNING * * *
The jackal bites you.
You die...

######### #≈≈≈§§§≈≈
#.≈.§≈§≈≈ ########..≈§≈≈≈≈
#.....##..≈≈≈≈§≈§§
#.....##...≈≈§≈≈§§§≈#
#....Sh@..≈≈≈≈§≈≈§≈≈#
#.....#h..§≈≈≈≈≈≈≈≈≈#
#...†.##...≈≈≈§§≈≈≈§#
#.....##....≈≈≈§≈≈≈≈#
#............≈≈≈≈.≈≈#
#.....#........§..≈≈#
#..†.....##.#.##......≈#
?.......######.#.<#.......#
....)...# #..........(.#


You could see 2 jackals and a ball python.

Vanquished Creatures
  2 ball pythons (D:1)
  A goblin (D:1)
  2 jackals (D:1)
  A quokka (D:1)
6 creatures vanquished.

Notes
Turn   | Place    | Note
-------+----------+-------------------------------------------
     0 | D:1      | BubbleThief the Naga Cinder Acolyte began the quest for the
                  | Orb.
     0 | D:1      | Reached XP level 1. HP: 21/21 MP: 2/2
    64 | D:1      | Reached XP level 2. HP: 28/28 MP: 3/3
    80 | D:1      | HP: 1/28 [jackal (2)]
    80 | D:1      | Slain by a jackal

Illustrated notes

Levels and vault maps discovered:
D:1:      dpeg_arrival_lava_altar, layout_basic,
          nicolae_ecumenical_snake_handling

Action                     || total
---------------------------++-------
  Melee: Mace              ||    14
Ability: Spit Poison       ||     7
 Armour: Robe              ||     5
  Dodge: Dodged            ||    14

Table legend: (Time is in decaauts)
 A = Elapsed time spent in this place.
 B = Non-inter-level travel time spent in this place.
 C = Inter-level travel time spent in this place.
 D = Time resting spent in this place.
 E = Time spent auto-exploring this place.
 F = Levels seen in this place.
 G = Mean time per level.
                   A        B        C        D        E       F      G
               +--------+--------+--------+--------+--------+-----+--------+
         Total |     99 |     99 |      0 |      0 |     45 |   1 |   99.0 |
       Dungeon |     99 |     99 |      0 |      0 |     45 |   1 |   99.0 |
               +--------+--------+--------+--------+--------+-----+--------+

Top non-repeatable levels by time:
     D:1: 99 daAuts
